Crunch vs Icehogs
Created - November 23, 2022 at 19:31
Goals
|
| Crunch |
4 |
2 |
1 |
7 |
| Icehogs |
1 |
1 |
0 |
2 |
|
Shots
|
| Crunch |
11 |
11 |
12 |
34 |
| Icehogs |
8 |
6 |
3 |
17 |
|
1st period
1. Crunch , Teemu Hartikainen 12 (Anthony Cirelli 9, Jordan Oesterle 8) at 3:19
2. Icehogs , Tanner Richard 6 (Mikhail Grigorenko 8) at 4:03 (SH)
3. Crunch , Teemu Hartikainen 13 (Jeremy Lauzon 4, Anthony Cirelli 10) at 9:33
4. Crunch , Denis Gurianov 5 (Brandon Hagel 8, Jacob Josefson 4) at 10:33
5. Crunch , Anthony Cirelli 7 (Teemu Hartikainen 8) at 11:13
Penalties :
Zach Whitecloud (Roc) for Tripping (Minor) at 3:30
2nd period
6. Crunch , Noah Hanifin 2 (Roland McKeown 5, Jordan Binnington) at 2:32 (PP)
7. Crunch , Rem Pitlick 2 (Jeremy Lauzon 5, Jordan Oesterle 9) at 18:21
8. Icehogs , Curtis Lazar 4 (Nick Mattson 2, Tanner Richard 7) at 19:55
Penalties :
Julius Honka (Roc) for Interference (Minor) at 2:14, Brandon Hagel (Syr) for Boarding (Minor) at 15:51
3rd period
9. Crunch , Teemu Hartikainen 14 (Christoffer Ehn 15, Noah Hanifin 7) at 5:57
Penalties :
Julius Honka (Roc) for Delaying the game (Minor) at 1:35
Goalie Stats
Jordan Binnington (Syr), 15 saves from 17 shots - (0.882), W, 3-2-0, 60:00 minutes
Mackenzie Blackwood (Roc), 23 saves from 26 shots - (0.885), 48:47 minutes
Mark Visentin (Roc), 4 saves from 8 shots - (0.500), L, 6-5-0, 11:13 minutes
Players Stats for Crunch
Player Name G A P +/- PIM S H SB GA TA FO MP PP MP PK MP
------------------------------------------------------------------------------------
Anatoli Golyshev 0 0 0 0 0 0 0 0 0 0 0/0 0:00 0:00 0:00
Anthony Cirelli 1 2 3 3 0 1 2 0 0 0 1/2 21:08 2:27 0:00
Axel Holmstrom 0 0 0 0 0 2 2 0 0 0 2/4 11:44 0:00 0:43
Brandon Hagel 0 1 1 1 2 1 1 0 0 0 1/2 17:08 2:25 0:00
Brendan Guhle 0 0 0 0 0 0 0 0 0 0 0/0 1:02 0:00 0:00
Charles-Olivier Roussel 0 0 0 0 0 1 1 1 0 1 0/0 13:58 0:00 0:00
Christoffer Ehn 0 1 1 3 0 2 3 0 1 2 15/24 22:20 2:25 0:59
Connor Bunnaman 0 0 0 1 0 0 0 0 0 0 0/1 9:20 0:00 0:00
Denis Gurianov 1 0 1 0 0 4 3 0 0 2 0/2 16:11 1:49 0:00
Jacob Josefson 0 1 1 0 0 2 1 0 1 0 10/15 16:19 1:49 0:08
Jeremy Lauzon 0 2 2 4 0 1 0 0 0 1 0/0 18:47 1:22 0:39
Joel Vermin 0 0 0 0 0 0 1 1 0 1 0/0 11:01 0:00 0:00
Jordan Oesterle 0 2 2 4 0 0 0 1 0 0 0/0 18:47 1:22 0:39
Max McCormick 0 0 0 1 0 0 2 0 0 0 0/1 9:20 0:00 0:00
Michael Ferland 0 0 0 0 0 1 0 1 1 0 0/0 11:59 0:02 0:47
Nikita Gusev 0 0 0 0 0 0 0 0 0 0 0/0 0:58 0:02 0:23
Noah Hanifin 1 1 2 0 0 3 2 3 1 1 0/0 26:44 2:54 1:20
Rem Pitlick 1 0 1 1 0 2 1 1 1 0 1/1 9:20 0:00 0:00
Roland McKeown 0 1 1 0 0 1 4 1 1 2 0/0 26:44 2:54 1:20
Sean Walker 0 0 0 0 0 1 1 0 0 3 0/0 13:58 0:00 0:00
Teemu Hartikainen 3 1 4 2 0 12 4 2 0 0 0/0 21:12 1:49 0:58
Players Stats for Icehogs
Player Name G A P +/- PIM S H SB GA TA FO MP PP MP PK MP
------------------------------------------------------------------------------------
Andrew Mangiapane 0 0 0 -1 0 1 2 2 0 0 0/0 20:49 1:03 2:36
Andrew Poturalski 0 0 0 0 0 0 0 0 0 0 0/0 0:00 0:00 0:00
Calle Andersson 0 0 0 -2 0 0 1 1 1 0 0/0 12:25 0:00 0:56
Curtis Lazar 1 0 1 -1 0 4 1 1 0 0 0/0 15:58 0:53 0:44
Dillon Dube 0 0 0 -2 0 0 0 0 1 0 2/3 10:41 0:00 0:00
Duncan Siemens 0 0 0 -2 0 0 0 2 0 0 0/0 11:29 0:00 0:00
Frederik Gauthier 0 0 0 -1 0 3 1 1 1 1 13/30 20:36 1:02 2:28
Jeremy Davies 0 0 0 -1 0 0 1 0 0 0 0/0 6:23 0:00 0:11
Julius Honka 0 0 0 1 4 0 1 1 1 0 0/0 17:26 0:52 0:42
Kevin Fiala 0 0 0 -1 0 0 2 0 0 0 1/2 10:55 0:04 0:00
Kurtis Gabriel 0 0 0 -2 0 0 0 0 0 1 0/0 10:41 0:00 0:00
Mattias Janmark 0 0 0 -1 0 1 1 0 1 0 0/0 11:17 0:03 0:23
Michael Chaput 0 0 0 -1 0 0 1 0 1 0 1/1 11:02 0:04 0:07
Mike Amadio 0 0 0 -1 0 1 2 1 2 0 0/1 18:08 1:02 0:00
Mike Reilly 0 0 0 -2 0 3 2 2 3 1 0/0 24:30 1:07 2:27
Mikhail Grigorenko 0 1 1 0 0 1 2 1 1 0 0/2 17:03 0:53 1:07
Myles Bell 0 0 0 -2 0 0 1 0 0 0 0/0 10:41 0:00 0:00
Nick Mattson 0 1 1 -2 0 0 1 5 0 0 0/0 24:30 1:07 2:27
Nick Paul 0 0 0 0 0 0 0 0 0 0 0/0 0:00 0:00 0:00
Nikita Scherbak 0 0 0 0 0 0 0 0 0 0 0/0 0:00 0:00 0:00
Patrick Russell 0 0 0 0 0 0 0 0 0 0 0/0 0:00 0:00 0:00
Patrick Sieloff 0 0 0 1 0 0 1 0 1 2 0/0 18:40 0:52 1:49
Ross Johnston 0 0 0 0 0 0 0 0 0 0 0/0 0:00 0:00 0:00
Tanner Richard 1 1 2 0 0 3 3 0 0 0 5/13 16:45 0:53 1:07
Zach Whitecloud 0 0 0 -1 2 0 1 1 0 1 0/0 5:42 0:00 0:00
3 Stars
1 - Teemu Hartikainen (Syr)
2 - Anthony Cirelli (Syr)
3 - Jordan Oesterle (Syr)
Power Play
Crunch - 1 on 3 Attempt(s) - 33.33%
Icehogs - 0 on 1 Attempt(s) - 0.00%
Penalty Kill
Crunch - 1 on 1 Attempt(s) - 100.00%
- Score 0 goal in Penalty Kill
Icehogs - 2 on 3 Attempt(s) - 66.67%
- Score 1 goal in Penalty Kill
Team Stat
Crunch - Hits : 28 - Faceoff Wins : 30 - Blocked Shots : 11 - Penalty Minutes : 2
Icehogs - Hits : 24 - Faceoff Wins : 22 - Blocked Shots : 18 - Penalty Minutes : 6
Official
Referees : Chris Schlenker and Jon McIsaac
Linesman : Greg Devorski and Ryan Daisy
Game Notes
Mackenzie Blackwood enters game at 11:13 of 1st period
Teemu Hartikainen has scored a Hat Trick!
Finance
Level 1 -- Attendance: 1959 (97.95%) -- Ticket Income $68,565
Level 2 -- Attendance: 855 (85.50%) -- Ticket Income $12,825
Total Attendance: 2814 (93.80%)
Total Ticket Income: $81,390
Other Income: $4,070
Total Income: $85,460
Crunch
5 vs 5 Forward
Center Left Wing Right Wing Time % Phy DF OF
1 Christoffer Ehn Teemu Hartikainen Anthony Cirelli 40 1 2 2
2 Jacob Josefson Brandon Hagel Denis Gurianov 30 1 2 2
3 Axel Holmstrom Michael Ferland Joel Vermin 20 1 2 2
4 Connor Bunnaman Rem Pitlick Max McCormick 10 1 2 2
5 vs 5 Defense
Defense Defense Time % Phy DF OF
1 Roland McKeown Noah Hanifin 40 1 2 2
2 Jordan Oesterle Jeremy Lauzon 30 1 2 2
3 Sean Walker Charles-Olivier Roussel 20 1 2 2
4 Roland McKeown Noah Hanifin 10 1 2 2
PowerPlay Forward
Center Left Wing Right Wing Time % Phy DF OF
1 Christoffer Ehn Brandon Hagel Anthony Cirelli 60 1 2 2
2 Jacob Josefson Teemu Hartikainen Denis Gurianov 40 1 2 2
PowerPlay Defense
Defense Defense Time % Phy DF OF
1 Roland McKeown Noah Hanifin 60 1 2 2
2 Jordan Oesterle Jeremy Lauzon 40 1 2 2
Penalty Kill 4 Players Forward
Center Wing Time % Phy DF OF
1 Christoffer Ehn Teemu Hartikainen 60 1 2 2
2 Jacob Josefson Michael Ferland 40 1 2 2
Penalty Kill 4 Players Defense
Defense Defense Time % Phy DF OF
1 Roland McKeown Noah Hanifin 60 1 2 2
2 Jordan Oesterle Jeremy Lauzon 40 1 2 2
Penalty Kill - 3 Players Forward
Forward Time % Phy DF OF
1 Christoffer Ehn 60 1 2 2
2 Anthony Cirelli 40 1 2 2
Penalty Kill - 3 Players Defense
Defense Defense Time % Phy DF OF
1 Roland McKeown Noah Hanifin 60 1 2 2
2 Jordan Oesterle Jeremy Lauzon 40 1 2 2
4 vs 4 Forward
Center Wing Time % Phy DF OF
1 Christoffer Ehn Teemu Hartikainen 60 1 2 2
2 Jacob Josefson Anthony Cirelli 40 1 2 2
4 vs 4 Defense
Defense Defense Time % Phy DF OF
1 Roland McKeown Noah Hanifin 60 1 2 2
2 Jordan Oesterle Jeremy Lauzon 40 1 2 2
Last Minutes Offensive
Center Left Wing Right Wing Defense Defense
Christoffer Ehn Brandon Hagel Anthony Cirelli Noah Hanifin Brendan Guhle
Last Minutes Defensive
Center Left Wing Right Wing Defense Defense
Christoffer Ehn Teemu Hartikainen Anthony Cirelli Roland McKeown Brendan Guhle
Goaltenders
Starting : Jordan Binnington
Backup : Josef Korenar
Extra Forwards
Normal : Michael Ferland, Brandon Hagel, Jacob Josefson - PP : Michael Ferland, Brandon Hagel - PK : Michael Ferland
Extra Defensemen
Normal : Jeremy Lauzon, Sean Walker, Charles-Olivier Roussel - PP : Jeremy Lauzon - PK : Jeremy Lauzon, Sean Walker
Penalty Shots
Teemu Hartikainen, Anthony Cirelli, Denis Gurianov, Christoffer Ehn, Michael Ferland
Scratches
Blake Lizotte (Healthy), Michael Downing (Healthy), Blake Hillman (Healthy), Kaapo Kahkonen (Healthy)
Icehogs
5 vs 5 Forward
Center Left Wing Right Wing Time % Phy DF OF
1 Frederik Gauthier Andrew Mangiapane Mike Amadio 40 1 2 2
2 Tanner Richard Mikhail Grigorenko Curtis Lazar 30 1 2 2
3 Michael Chaput Mattias Janmark Kevin Fiala 20 1 2 2
4 Dillon Dube Myles Bell Kurtis Gabriel 10 1 2 2
5 vs 5 Defense
Defense Defense Time % Phy DF OF
1 Nick Mattson Mike Reilly 40 1 2 2
2 Julius Honka Patrick Sieloff 30 1 2 2
3 Duncan Siemens Calle Andersson 20 1 2 2
4 Jeremy Davies Zach Whitecloud 10 1 2 2
PowerPlay Forward
Center Left Wing Right Wing Time % Phy DF OF
1 Frederik Gauthier Andrew Mangiapane Mike Amadio 60 1 2 2
2 Tanner Richard Mikhail Grigorenko Curtis Lazar 40 1 2 2
PowerPlay Defense
Defense Defense Time % Phy DF OF
1 Nick Mattson Mike Reilly 60 1 2 2
2 Julius Honka Patrick Sieloff 40 1 2 2
Penalty Kill 4 Players Forward
Center Wing Time % Phy DF OF
1 Frederik Gauthier Andrew Mangiapane 60 1 2 2
2 Tanner Richard Mikhail Grigorenko 40 1 2 2
Penalty Kill 4 Players Defense
Defense Defense Time % Phy DF OF
1 Nick Mattson Mike Reilly 60 1 2 2
2 Julius Honka Patrick Sieloff 40 1 2 2
Penalty Kill - 3 Players Forward
Forward Time % Phy DF OF
1 Frederik Gauthier 60 1 2 2
2 Tanner Richard 40 1 2 2
Penalty Kill - 3 Players Defense
Defense Defense Time % Phy DF OF
1 Nick Mattson Mike Reilly 60 1 2 2
2 Julius Honka Patrick Sieloff 40 1 2 2
4 vs 4 Forward
Center Wing Time % Phy DF OF
1 Frederik Gauthier Andrew Mangiapane 60 1 2 2
2 Tanner Richard Mikhail Grigorenko 40 1 2 2
4 vs 4 Defense
Defense Defense Time % Phy DF OF
1 Nick Mattson Mike Reilly 60 1 2 2
2 Julius Honka Patrick Sieloff 40 1 2 2
Last Minutes Offensive
Center Left Wing Right Wing Defense Defense
Frederik Gauthier Andrew Mangiapane Mike Amadio Nick Mattson Mike Reilly
Last Minutes Defensive
Center Left Wing Right Wing Defense Defense
Frederik Gauthier Andrew Mangiapane Mike Amadio Nick Mattson Mike Reilly
Goaltenders
Starting : Mark Visentin
Backup : Mackenzie Blackwood
Extra Forwards
Normal : Curtis Lazar, Mikhail Grigorenko, Michael Chaput - PP : Curtis Lazar, Mikhail Grigorenko - PK : Curtis Lazar
Extra Defensemen
Normal : Calle Andersson, Jeremy Davies, Zach Whitecloud - PP : Calle Andersson - PK : Calle Andersson, Jeremy Davies
Penalty Shots
Mike Amadio, Frederik Gauthier, Tanner Richard, Andrew Mangiapane, Curtis Lazar
Scratches
Clark Bishop (Healthy), Kristian Reichel (Healthy), JJ. Piccinich (Healthy), Jackson Cates (Healthy), Mitchell Chaffee (Healthy)
Michael Giugovaz (Healthy), Jack LaFontaine (Healthy)
% Time on Ice - Crunch
Lines # - Real PCT - Wanted PCT - Time Play
Normal Forward
1 - 35% - 40% - 19:02
2 - 27% - 30% - 14:22
3 - 20% - 20% - 11:01
4 - 17% - 10% - 9:20
Normal Defense
1 - 37% - 40% - 20:08
2 - 32% - 30% - 17:17
3 - 26% - 20% - 13:58
4 - 4% - 10% - 2:22
PP Forward
1 - 57% - 60% - 2:27
2 - 43% - 40% - 1:49
PP Defense
1 - 68% - 60% - 2:54
2 - 32% - 40% - 1:22
PK Forward
1 - 93% - 60% - 1:51
2 - 7% - 40% - 0:08
PK Defense
1 - 67% - 60% - 1:20
2 - 33% - 40% - 0:39
PK3 Forward
1 - 0% - 60%
2 - 0% - 40%
PK3 Defense
1 - 0% - 60%
2 - 0% - 40%
44 Forward
1 - 0% - 60%
2 - 0% - 40%
44 Defense
1 - 0% - 60%
2 - 0% - 40%
Last Minute Offensive - 0:00
Last Minute Defensive - 0:00
Total
Forward - 60:00
Defense - 60:00
|
% Time on Ice - Icehogs
Lines # - Real PCT - Wanted PCT - Time Play
Normal Forward
1 - 32% - 40% - 17:28
2 - 27% - 30% - 14:45
3 - 20% - 20% - 10:51
4 - 20% - 10% - 10:41
Normal Defense
1 - 39% - 40% - 20:56
2 - 30% - 30% - 15:59
3 - 21% - 20% - 11:29
4 - 10% - 10% - 5:21
PP Forward
1 - 55% - 60% - 1:06
2 - 45% - 40% - 0:53
PP Defense
1 - 56% - 60% - 1:07
2 - 44% - 40% - 0:52
PK Forward
1 - 74% - 60% - 3:09
2 - 26% - 40% - 1:07
PK Defense
1 - 57% - 60% - 2:27
2 - 43% - 40% - 1:49
PK3 Forward
1 - 0% - 60%
2 - 0% - 40%
PK3 Defense
1 - 0% - 60%
2 - 0% - 40%
44 Forward
1 - 0% - 60%
2 - 0% - 40%
44 Defense
1 - 0% - 60%
2 - 0% - 40%
Last Minute Offensive - 0:00
Last Minute Defensive - 0:00
Total
Forward - 60:00
Defense - 60:00
|
Play-by-Play
1st period
0:01 of 1st period - Frederik Gauthier wins face-off versus Christoffer Ehn in neutral zone.
0:08 of 1st period - Snap shot by Frederik Gauthier.
0:08 of 1st period - Stopped by Jordan Binnington with a rebound.
0:10 of 1st period - Slapshot by Mike Reilly.
0:10 of 1st period - Stopped by Jordan Binnington without a rebound.
0:11 of 1st period - Tanner Richard wins face-off versus Jacob Josefson in Crunch zone.
0:26 of 1st period - Snap shot by Curtis Lazar.
0:26 of 1st period - Stopped by Jordan Binnington without a rebound.
0:27 of 1st period - Axel Holmstrom wins face-off versus Kevin Fiala in Crunch zone.
0:34 of 1st period - Wrist shot by Michael Ferland.
0:34 of 1st period - Shot Misses the Net.
0:52 of 1st period - Duncan Siemens is hit by Teemu Hartikainen and loses puck.
1:18 of 1st period - Icing by Connor Bunnaman.
1:19 of 1st period - Dillon Dube wins face-off versus Connor Bunnaman in Crunch zone.
2:06 of 1st period - Slapshot by Rem Pitlick.
2:06 of 1st period - Stopped by Mark Visentin with a rebound.
2:51 of 1st period - Off-side.
2:52 of 1st period - Tanner Richard wins face-off versus Christoffer Ehn in neutral zone.
3:01 of 1st period - Off-side.
3:02 of 1st period - Tanner Richard wins face-off versus Christoffer Ehn in neutral zone.
3:05 of 1st period - Snap shot by Mikhail Grigorenko.
3:05 of 1st period - Shot Blocked by Jordan Oesterle.
3:19 of 1st period - Snap shot by Teemu Hartikainen.
3:19 of 1st period - Goal by Teemu Hartikainen - Crunch : 1 - Icehogs : 0.
3:20 of 1st period - Jacob Josefson wins face-off versus Frederik Gauthier in neutral zone.
3:30 of 1st period - Minor Penalty to Zach Whitecloud for Tripping.
3:31 of 1st period - Frederik Gauthier wins face-off versus Christoffer Ehn in Icehogs zone.
3:56 of 1st period - Teemu Hartikainen is hit by Mike Reilly and loses puck.
4:03 of 1st period - Wrist shot by Tanner Richard.
4:03 of 1st period - Goal by Tanner Richard - Crunch : 1 - Icehogs : 1.
4:04 of 1st period - Frederik Gauthier wins face-off versus Anthony Cirelli in neutral zone.
4:12 of 1st period - Slapshot by Noah Hanifin.
4:12 of 1st period - Stopped by Mark Visentin with a rebound.
5:30 of 1st period - Penalty to Zach Whitecloud is over, Zach Whitecloud is back on ice.
5:34 of 1st period - Mike Reilly is hit by Sean Walker and loses puck.
5:47 of 1st period - Wrist shot by Michael Ferland.
5:47 of 1st period - Shot Blocked by Andrew Mangiapane.
6:24 of 1st period - Myles Bell is hit by Teemu Hartikainen and loses puck.
6:37 of 1st period - Axel Holmstrom is hit by Mikhail Grigorenko and loses puck.
7:18 of 1st period - Myles Bell is hit by Max McCormick and loses puck.
7:49 of 1st period - Snap shot by Tanner Richard.
7:49 of 1st period - Stopped by Jordan Binnington without a rebound.
7:50 of 1st period - Christoffer Ehn wins face-off versus Mikhail Grigorenko in Crunch zone.
7:55 of 1st period - Curtis Lazar is hit by Christoffer Ehn and loses puck.
8:41 of 1st period - Mike Reilly is hit by Joel Vermin and loses puck.
8:53 of 1st period - Off-side.
8:54 of 1st period - Christoffer Ehn wins face-off versus Dillon Dube in neutral zone.
9:15 of 1st period - Anthony Cirelli is hit by Myles Bell.
9:33 of 1st period - Snap shot by Teemu Hartikainen.
9:33 of 1st period - Goal by Teemu Hartikainen - Crunch : 2 - Icehogs : 1.
9:34 of 1st period - Frederik Gauthier wins face-off versus Jacob Josefson in neutral zone.
10:02 of 1st period - Icing by Roland McKeown.
10:03 of 1st period - Christoffer Ehn wins face-off versus Tanner Richard in Crunch zone.
10:03 of 1st period - Christoffer Ehn is hit by Tanner Richard.
10:24 of 1st period - Wrist shot by Christoffer Ehn.
10:24 of 1st period - Deflect By Julius Honka.
10:24 of 1st period - Stopped by Mark Visentin with a rebound.
10:26 of 1st period - Snap shot by Anthony Cirelli.
10:26 of 1st period - Deflect By Teemu Hartikainen.
10:26 of 1st period - Shot Misses the Net.
10:26 of 1st period - Puck is out of play.
10:27 of 1st period - Jacob Josefson wins face-off versus Frederik Gauthier in Icehogs zone.
10:33 of 1st period - Snap shot by Denis Gurianov.
10:33 of 1st period - Goal by Denis Gurianov - Crunch : 3 - Icehogs : 1.
10:34 of 1st period - Frederik Gauthier wins face-off versus Jacob Josefson in neutral zone.
10:39 of 1st period - Roland McKeown is hit by Andrew Mangiapane and loses puck.
10:46 of 1st period - Snap shot by Frederik Gauthier.
10:46 of 1st period - Shot Misses the Net.
11:00 of 1st period - Mike Reilly is hit by Christoffer Ehn and loses puck.
11:09 of 1st period - Snap shot by Teemu Hartikainen.
11:09 of 1st period - Stopped by Mark Visentin with a rebound.
11:11 of 1st period - Snap shot by Anthony Cirelli.
11:11 of 1st period - Shot Blocked by Mike Reilly.
11:13 of 1st period - Slapshot by Anthony Cirelli.
11:13 of 1st period - Goal by Anthony Cirelli - Crunch : 4 - Icehogs : 1.
11:13 of 1st period - Mackenzie Blackwood enters game.
11:14 of 1st period - Jacob Josefson wins face-off versus Mike Amadio in neutral zone.
11:40 of 1st period - Curtis Lazar is hit by Roland McKeown.
11:46 of 1st period - Snap shot by Mikhail Grigorenko.
11:46 of 1st period - Deflect By Noah Hanifin.
11:46 of 1st period - Stopped by Jordan Binnington with a rebound.
13:00 of 1st period - Snap shot by Jacob Josefson.
13:00 of 1st period - Stopped by Mackenzie Blackwood with a rebound.
13:17 of 1st period - Wrist shot by Mike Reilly.
13:17 of 1st period - Shot Blocked by Charles-Olivier Roussel.
13:31 of 1st period - Mike Reilly is hit by Noah Hanifin and loses puck.
13:38 of 1st period - Snap shot by Michael Ferland.
13:38 of 1st period - Stopped by Mackenzie Blackwood without a rebound.
13:39 of 1st period - Jacob Josefson wins face-off versus Frederik Gauthier in Icehogs zone.
13:44 of 1st period - Snap shot by Denis Gurianov.
13:44 of 1st period - Shot Misses the Net.
14:09 of 1st period - Duncan Siemens is hit by Roland McKeown and loses puck.
14:13 of 1st period - Icing by Duncan Siemens.
14:14 of 1st period - Christoffer Ehn wins face-off versus Tanner Richard in Icehogs zone.
14:37 of 1st period - Snap shot by Curtis Lazar.
14:37 of 1st period - Stopped by Jordan Binnington without a rebound.
14:38 of 1st period - Jacob Josefson wins face-off versus Frederik Gauthier in Crunch zone.
14:38 of 1st period - Jacob Josefson is hit by Mike Amadio.
14:44 of 1st period - Nick Mattson is hit by Roland McKeown and loses puck.
15:08 of 1st period - Wrist shot by Axel Holmstrom.
15:08 of 1st period - Shot Blocked by Zach Whitecloud.
15:48 of 1st period - Wrist shot by Myles Bell.
15:48 of 1st period - Shot Blocked by Teemu Hartikainen.
16:10 of 1st period - Slapshot by Jacob Josefson.
16:10 of 1st period - Shot Misses the Net.
16:34 of 1st period - Slapshot by Mike Reilly.
16:34 of 1st period - Stopped by Jordan Binnington with a rebound.
16:40 of 1st period - Mike Reilly is hit by Axel Holmstrom and loses puck.
17:19 of 1st period - Snap shot by Brandon Hagel.
17:19 of 1st period - Stopped by Mackenzie Blackwood without a rebound.
17:20 of 1st period - Frederik Gauthier wins face-off versus Christoffer Ehn in Icehogs zone.
17:20 of 1st period - Frederik Gauthier is hit by Teemu Hartikainen.
18:06 of 1st period - Michael Ferland is hit by Calle Andersson and loses puck.
18:29 of 1st period - Slapshot by Noah Hanifin.
18:29 of 1st period - Shot Blocked by Frederik Gauthier.
18:57 of 1st period - Noah Hanifin is hit by Mikhail Grigorenko.
19:16 of 1st period - Jeremy Lauzon is hit by Frederik Gauthier and loses puck.
19:31 of 1st period - Mike Reilly is hit by Axel Holmstrom.
19:57 of 1st period - Sean Walker is hit by Michael Chaput and loses puck.
Goals for this period are 4 for Crunch vs 1 for Icehogs.
Shots for this period are 11 for Crunch vs 8 for Icehogs.
2nd period
0:01 of 2nd period - Frederik Gauthier wins face-off versus Christoffer Ehn in neutral zone.
0:12 of 2nd period - Wrist shot by Frederik Gauthier.
0:12 of 2nd period - Stopped by Jordan Binnington without a rebound.
0:13 of 2nd period - Christoffer Ehn wins face-off versus Frederik Gauthier in Crunch zone.
0:20 of 2nd period - Snap shot by Teemu Hartikainen.
0:20 of 2nd period - Stopped by Mackenzie Blackwood with a rebound.
0:26 of 2nd period - Snap shot by Anthony Cirelli.
0:26 of 2nd period - Shot Blocked by Nick Mattson.
0:45 of 2nd period - Tanner Richard is hit by Denis Gurianov and loses puck.
1:26 of 2nd period - Wrist shot by Christoffer Ehn.
1:26 of 2nd period - Shot Misses the Net.
1:32 of 2nd period - Anthony Cirelli is hit by Andrew Mangiapane and loses puck.
1:47 of 2nd period - Kurtis Gabriel is hit by Christoffer Ehn and loses puck.
2:04 of 2nd period - Wrist shot by Teemu Hartikainen.
2:04 of 2nd period - Stopped by Mackenzie Blackwood with a rebound.
2:06 of 2nd period - Snap shot by Christoffer Ehn.
2:06 of 2nd period - Deflect By Mike Reilly.
2:06 of 2nd period - Shot Blocked by Nick Mattson.
2:06 of 2nd period - Puck is out of play.
2:07 of 2nd period - Brandon Hagel wins face-off versus Frederik Gauthier in Icehogs zone.
2:12 of 2nd period - Slapshot by Denis Gurianov.
2:12 of 2nd period - Shot Blocked by Mike Amadio.
2:14 of 2nd period - Minor Penalty to Julius Honka for Interference.
2:15 of 2nd period - Christoffer Ehn wins face-off versus Frederik Gauthier in Icehogs zone.
2:16 of 2nd period - Wrist shot by Anthony Cirelli.
2:16 of 2nd period - Deflect By Frederik Gauthier.
2:16 of 2nd period - Shot Blocked by Nick Mattson.
2:16 of 2nd period - Puck is out of play.
2:17 of 2nd period - Christoffer Ehn wins face-off versus Frederik Gauthier in Icehogs zone.
2:32 of 2nd period - Slapshot by Noah Hanifin.
2:32 of 2nd period - Goal by Noah Hanifin - Crunch : 5 - Icehogs : 1.
2:33 of 2nd period - Frederik Gauthier wins face-off versus Jacob Josefson in neutral zone.
2:35 of 2nd period - Off-side.
2:36 of 2nd period - Jacob Josefson wins face-off versus Frederik Gauthier in neutral zone.
3:03 of 2nd period - Nick Mattson is hit by Roland McKeown and loses puck.
3:19 of 2nd period - Icing by Joel Vermin.
3:20 of 2nd period - Kevin Fiala wins face-off versus Max McCormick in Crunch zone.
3:25 of 2nd period - Snap shot by Kevin Fiala.
3:25 of 2nd period - Shot Misses the Net.
3:47 of 2nd period - Wrist shot by Andrew Mangiapane.
3:47 of 2nd period - Shot Misses the Net.
3:49 of 2nd period - Wrist shot by Andrew Mangiapane.
3:49 of 2nd period - Stopped by Jordan Binnington without a rebound.
3:50 of 2nd period - Jacob Josefson wins face-off versus Frederik Gauthier in Crunch zone.
5:12 of 2nd period - Slapshot by Frederik Gauthier.
5:12 of 2nd period - Stopped by Jordan Binnington with a rebound.
5:48 of 2nd period - Calle Andersson is hit by Charles-Olivier Roussel and loses puck.
6:14 of 2nd period - Mike Amadio is hit by Jacob Josefson and loses puck.
6:21 of 2nd period - Snap shot by Denis Gurianov.
6:21 of 2nd period - Stopped by Mackenzie Blackwood with a rebound.
6:23 of 2nd period - Slapshot by Sean Walker.
6:23 of 2nd period - Stopped by Mackenzie Blackwood with a rebound.
6:25 of 2nd period - Wrist shot by Brandon Hagel.
6:25 of 2nd period - Shot Blocked by Andrew Mangiapane.
6:27 of 2nd period - Slapshot by Charles-Olivier Roussel.
6:27 of 2nd period - Stopped by Mackenzie Blackwood without a rebound.
6:28 of 2nd period - Christoffer Ehn wins face-off versus Tanner Richard in Icehogs zone.
6:29 of 2nd period - Snap shot by Teemu Hartikainen.
6:29 of 2nd period - Shot Misses the Net.
6:39 of 2nd period - Wrist shot by Curtis Lazar.
6:39 of 2nd period - Shot Misses the Net.
6:53 of 2nd period - Axel Holmstrom is hit by Kevin Fiala and loses puck.
8:15 of 2nd period - Rem Pitlick is hit by Julius Honka and loses puck.
8:41 of 2nd period - Dillon Dube is hit by Noah Hanifin and loses puck.
9:10 of 2nd period - Teemu Hartikainen is hit by Zach Whitecloud and loses puck.
10:39 of 2nd period - Myles Bell is hit by Rem Pitlick and loses puck.
12:14 of 2nd period - Joel Vermin is hit by Curtis Lazar and loses puck.
14:44 of 2nd period - Icing by Jeremy Davies.
14:45 of 2nd period - Christoffer Ehn wins face-off versus Tanner Richard in Icehogs zone.
14:52 of 2nd period - Snap shot by Teemu Hartikainen.
14:52 of 2nd period - Stopped by Mackenzie Blackwood without a rebound.
14:53 of 2nd period - Frederik Gauthier wins face-off versus Jacob Josefson in Icehogs zone.
15:05 of 2nd period - Wrist shot by Denis Gurianov.
15:05 of 2nd period - Stopped by Mackenzie Blackwood without a rebound.
15:06 of 2nd period - Tanner Richard wins face-off versus Christoffer Ehn in Icehogs zone.
15:09 of 2nd period - Snap shot by Teemu Hartikainen.
15:09 of 2nd period - Stopped by Mackenzie Blackwood with a rebound.
15:15 of 2nd period - Slapshot by Mike Reilly.
15:15 of 2nd period - Shot Blocked by Teemu Hartikainen.
15:33 of 2nd period - Mike Reilly is hit by Denis Gurianov.
15:51 of 2nd period - Minor Penalty to Brandon Hagel for Boarding.
15:52 of 2nd period - Christoffer Ehn wins face-off versus Frederik Gauthier in Crunch zone.
16:07 of 2nd period - Roland McKeown is hit by Mike Amadio and loses puck.
17:51 of 2nd period - Penalty to Brandon Hagel is over, Brandon Hagel is back on ice.
18:06 of 2nd period - Jeremy Lauzon is hit by Patrick Sieloff and loses puck.
18:19 of 2nd period - Slapshot by Jeremy Lauzon.
18:19 of 2nd period - Shot Misses the Net.
18:21 of 2nd period - Wrist shot by Rem Pitlick.
18:21 of 2nd period - Goal by Rem Pitlick - Crunch : 6 - Icehogs : 1.
18:22 of 2nd period - Jacob Josefson wins face-off versus Frederik Gauthier in neutral zone.
18:25 of 2nd period - Nick Mattson is hit by Denis Gurianov and loses puck.
18:38 of 2nd period - Snap shot by Jacob Josefson.
18:38 of 2nd period - Stopped by Mackenzie Blackwood without a rebound.
18:39 of 2nd period - Anthony Cirelli wins face-off versus Tanner Richard in Icehogs zone.
19:17 of 2nd period - Slapshot by Nick Mattson.
19:17 of 2nd period - Shot Misses the Net.
19:19 of 2nd period - Wrist shot by Tanner Richard.
19:19 of 2nd period - Deflect By Christoffer Ehn.
19:19 of 2nd period - Stopped by Jordan Binnington with a rebound.
19:21 of 2nd period - Snap shot by Curtis Lazar.
19:21 of 2nd period - Shot Blocked by Roland McKeown.
19:53 of 2nd period - Slapshot by Tanner Richard.
19:53 of 2nd period - Deflect By Curtis Lazar.
19:53 of 2nd period - Stopped by Jordan Binnington with a rebound.
19:55 of 2nd period - Slapshot by Nick Mattson.
19:55 of 2nd period - Deflect By Curtis Lazar.
19:55 of 2nd period - Goal by Curtis Lazar - Crunch : 6 - Icehogs : 2.
19:56 of 2nd period - Frederik Gauthier wins face-off versus Denis Gurianov in neutral zone.
Goals for this period are 2 for Crunch vs 1 for Icehogs.
Shots for this period are 11 for Crunch vs 6 for Icehogs.
3rd period
0:01 of 3rd period - Christoffer Ehn wins face-off versus Frederik Gauthier in neutral zone.
0:07 of 3rd period - Off-side.
0:08 of 3rd period - Christoffer Ehn wins face-off versus Frederik Gauthier in neutral zone.
0:15 of 3rd period - Snap shot by Christoffer Ehn.
0:15 of 3rd period - Shot Blocked by Nick Mattson.
0:23 of 3rd period - Wrist shot by Teemu Hartikainen.
0:23 of 3rd period - Stopped by Mackenzie Blackwood with a rebound.
1:01 of 3rd period - Jeremy Lauzon is hit by Mattias Janmark and loses puck.
1:35 of 3rd period - Minor Penalty to Julius Honka for Delaying the game.
1:36 of 3rd period - Frederik Gauthier wins face-off versus Brandon Hagel in Icehogs zone.
3:19 of 3rd period - Christoffer Ehn is hit by Nick Mattson.
3:35 of 3rd period - Penalty to Julius Honka is over, Julius Honka is back on ice.
4:02 of 3rd period - Slapshot by Tanner Richard.
4:02 of 3rd period - Shot Blocked by Rem Pitlick.
4:45 of 3rd period - Slapshot by Mike Reilly.
4:45 of 3rd period - Stopped by Jordan Binnington without a rebound.
4:46 of 3rd period - Christoffer Ehn wins face-off versus Frederik Gauthier in Crunch zone.
4:53 of 3rd period - Wrist shot by Mike Amadio.
4:53 of 3rd period - Shot Blocked by Noah Hanifin.
5:21 of 3rd period - Slapshot by Noah Hanifin.
5:21 of 3rd period - Stopped by Mackenzie Blackwood with a rebound.
5:23 of 3rd period - Wrist shot by Christoffer Ehn.
5:23 of 3rd period - Shot Blocked by Duncan Siemens.
5:25 of 3rd period - Backhand shot by Christoffer Ehn.
5:25 of 3rd period - Shot Blocked by Calle Andersson.
5:27 of 3rd period - Slapshot by Noah Hanifin.
5:27 of 3rd period - Shot Misses the Net.
5:29 of 3rd period - Snap shot by Roland McKeown.
5:29 of 3rd period - Shot Misses the Net.
5:51 of 3rd period - Slapshot by Christoffer Ehn.
5:51 of 3rd period - Stopped by Mackenzie Blackwood with a rebound.
5:57 of 3rd period - Snap shot by Teemu Hartikainen.
5:57 of 3rd period - Goal by Teemu Hartikainen - Crunch : 7 - Icehogs : 2.
5:58 of 3rd period - Jacob Josefson wins face-off versus Frederik Gauthier in neutral zone.
6:29 of 3rd period - Slapshot by Michael Ferland.
6:29 of 3rd period - Shot Misses the Net.
6:31 of 3rd period - Snap shot by Axel Holmstrom.
6:31 of 3rd period - Stopped by Mackenzie Blackwood with a rebound.
6:33 of 3rd period - Slapshot by Jeremy Lauzon.
6:33 of 3rd period - Shot Blocked by Curtis Lazar.
7:07 of 3rd period - Snap shot by Mattias Janmark.
7:07 of 3rd period - Shot Misses the Net.
7:19 of 3rd period - Snap shot by Axel Holmstrom.
7:19 of 3rd period - Shot Blocked by Nick Mattson.
7:45 of 3rd period - Slapshot by Noah Hanifin.
7:45 of 3rd period - Shot Blocked by Julius Honka.
8:10 of 3rd period - Snap shot by Myles Bell.
8:10 of 3rd period - Shot Misses the Net.
8:15 of 3rd period - Off-side.
8:16 of 3rd period - Rem Pitlick wins face-off versus Frederik Gauthier in neutral zone.
8:43 of 3rd period - Christoffer Ehn is hit by Jeremy Davies and loses puck.
9:17 of 3rd period - Off-side.
9:18 of 3rd period - Frederik Gauthier wins face-off versus Axel Holmstrom in neutral zone.
9:25 of 3rd period - Snap shot by Mike Amadio.
9:25 of 3rd period - Stopped by Jordan Binnington with a rebound.
9:43 of 3rd period - Teemu Hartikainen is hit by Tanner Richard and loses puck.
9:52 of 3rd period - Wrist shot by Anthony Cirelli.
9:52 of 3rd period - Shot Misses the Net.
10:02 of 3rd period - Slapshot by Jeremy Lauzon.
10:02 of 3rd period - Stopped by Mackenzie Blackwood with a rebound.
10:28 of 3rd period - Frederik Gauthier is hit by Brandon Hagel and loses puck.
10:33 of 3rd period - Wrist shot by Denis Gurianov.
10:33 of 3rd period - Shot Misses the Net.
10:35 of 3rd period - Snap shot by Denis Gurianov.
10:35 of 3rd period - Stopped by Mackenzie Blackwood without a rebound.
10:36 of 3rd period - Christoffer Ehn wins face-off versus Tanner Richard in Icehogs zone.
10:37 of 3rd period - Slapshot by Teemu Hartikainen.
10:37 of 3rd period - Stopped by Mackenzie Blackwood with a rebound.
10:43 of 3rd period - Mikhail Grigorenko is hit by Anthony Cirelli.
11:10 of 3rd period - Snap shot by Mike Amadio.
11:10 of 3rd period - Shot Blocked by Noah Hanifin.
11:32 of 3rd period - Slapshot by Charles-Olivier Roussel.
11:32 of 3rd period - Shot Blocked by Duncan Siemens.
12:06 of 3rd period - Slapshot by Jeremy Lauzon.
12:06 of 3rd period - Deflect By Teemu Hartikainen.
12:06 of 3rd period - Stopped by Mackenzie Blackwood without a rebound.
12:07 of 3rd period - Tanner Richard wins face-off versus Christoffer Ehn in Icehogs zone.
12:22 of 3rd period - Snap shot by Teemu Hartikainen.
12:22 of 3rd period - Shot Blocked by Mikhail Grigorenko.
12:32 of 3rd period - Jacob Josefson is hit by Mike Reilly.
12:42 of 3rd period - Slapshot by Jacob Josefson.
12:42 of 3rd period - Shot Misses the Net.
13:00 of 3rd period - Snap shot by Kevin Fiala.
13:00 of 3rd period - Shot Misses the Net.
13:02 of 3rd period - Snap shot by Mattias Janmark.
13:02 of 3rd period - Stopped by Jordan Binnington without a rebound.
13:03 of 3rd period - Christoffer Ehn wins face-off versus Tanner Richard in Crunch zone.
13:03 of 3rd period - Christoffer Ehn is hit by Tanner Richard.
13:52 of 3rd period - Slapshot by Michael Chaput.
13:52 of 3rd period - Deflect By Kevin Fiala.
13:52 of 3rd period - Shot Blocked by Noah Hanifin.
13:52 of 3rd period - Puck is out of play.
13:53 of 3rd period - Michael Chaput wins face-off versus Axel Holmstrom in Crunch zone.
13:54 of 3rd period - Slapshot by Kevin Fiala.
13:54 of 3rd period - Shot Blocked by Michael Ferland.
13:56 of 3rd period - Snap shot by Kevin Fiala.
13:56 of 3rd period - Shot Blocked by Joel Vermin.
13:58 of 3rd period - Wrist shot by Mattias Janmark.
13:58 of 3rd period - Shot Misses the Net.
14:35 of 3rd period - Icing by Mike Reilly.
14:36 of 3rd period - Frederik Gauthier wins face-off versus Denis Gurianov in Icehogs zone.
15:15 of 3rd period - Frederik Gauthier is hit by Anthony Cirelli and loses puck.
15:31 of 3rd period - Wrist shot by Axel Holmstrom.
15:31 of 3rd period - Stopped by Mackenzie Blackwood with a rebound.
15:33 of 3rd period - Snap shot by Roland McKeown.
15:33 of 3rd period - Stopped by Mackenzie Blackwood without a rebound.
15:34 of 3rd period - Axel Holmstrom wins face-off versus Tanner Richard in Icehogs zone.
16:52 of 3rd period - Wrist shot by Jacob Josefson.
16:52 of 3rd period - Shot Misses the Net.
16:54 of 3rd period - Slapshot by Sean Walker.
16:54 of 3rd period - Shot Blocked by Mike Reilly.
17:08 of 3rd period - Tanner Richard is hit by Max McCormick.
18:20 of 3rd period - Icing by Calle Andersson.
18:21 of 3rd period - Dillon Dube wins face-off versus Christoffer Ehn in Icehogs zone.
18:36 of 3rd period - Wrist shot by Teemu Hartikainen.
18:36 of 3rd period - Stopped by Mackenzie Blackwood without a rebound.
18:37 of 3rd period - Jacob Josefson wins face-off versus Mikhail Grigorenko in Icehogs zone.
19:03 of 3rd period - Frederik Gauthier is hit by Teemu Hartikainen and loses puck.
19:30 of 3rd period - Joel Vermin is hit by Kevin Fiala and loses puck.
Goals for this period are 1 for Crunch vs 0 for Icehogs.
Shots for this period are 12 for Crunch vs 3 for Icehogs.